 Dungeon Crawl Stone Soup version 0.31.0-11-ge490571c62 (webtiles) character file.

Game seed: 1985240349922013994

1 protoss039 the Digger (level 1, -1/1 HPs)
             Began as a Demonspawn Earth Elementalist on Jan 31, 2024.
             Slain by a ribbon worm (2 damage)
             ... on level 2 of the Dungeon.
             The game lasted 00:00:58 (129 turns).

protoss039 the Digger (DsEE)                         Turns: 129, Time: 00:00:58

Health: -1/1       AC:  0    Str:  8    XL:     1   Next: 16%
Magic:  1/3        EV: 12    Int: 15    God:
Gold:   17         SH:  0    Dex: 13    Spells: 3/4 levels left

rFire   . .          .
                       - Blade Hands
rCold   . . .        (shield currently unavailable)
rNeg    . . .        a - +0 robe
rPois   .            (no helmet)
rElec   .            (no cloak)
rCorr   .            (gloves currently unavailable)
SInv    .            (no boots)
Will    .....        (no amulet)
Stlth   ++           (no ring)
HPRegen 0.20/turn    (no ring)
MPRegen 0.08/turn

%: no passive effects
@: blade hands
A: reduced hp
a: Begin Untransformation


You were on level 2 of the Dungeon.
You had blades for hands.
You visited 1 branch of the dungeon, and saw 2 of its levels.

You collected 17 gold pieces.

Inventory:

Armour
 a - a +0 robe (worn)
Talismans
 c - a blade talisman (active)
Potions
 b - a potion of magic
 d - a potion of ambrosia {unknown}


   Skills:
 + Level 0.1 Fighting
 - Level 1.7 Dodging
 - Level 1.7 Stealth
 + Level 2.0 Spellcasting
 - Level 1.0 Conjurations
 + Level 2.7 Earth Magic


You had 3 spell levels left.
You knew the following spells:

 Your Spells              Type           Power      Damage    Failure   Level
a - Sandblast             Erth           18%        2d7       8%          1

Your spell library contained the following spells:

 Spells                   Type           Power      Damage    Failure   Level
 Passwall                 Erth           9%         N/A       22%         3
 Stone Arrow              Conj/Erth      14%        3d7       30%         3
 Brom's Barrelling Bould  Conj/Erth      7%         2d3       71%         4
 Petrify                  Alch/Erth      5%         N/A       77%         4


Dungeon Overview and Level Annotations

Branches:
Dungeon (1/15) Zot: 11866

Altars:


Message History

There is a web here.
The web tears apart.
The ribbon worm expels a string of sticky webbing.
The stream of webbing hits you but does no damage.
You are caught in a web!
There is a web here.
You struggle to detach yourself from the web.
The web tears apart.
You see here a +0 club.
Casting: Sandblast (safe; 8% risk of failure)
Confirm with . or Enter, or press ? or * to list all spells.
Aiming: Sandblast (safe; 8% risk of failure)
Press: ? - help, Shift-Dir - straight line, f - ribbon worm
Aim: a ribbon worm (93% to hit)
The blast of sand hits the ribbon worm!
The ribbon worm is heavily wounded.
The ribbon worm expels a string of sticky webbing.
The stream of webbing hits you but does no damage.
You are caught in a web!
Unknown command.
Casting: Sandblast (safe; 8% risk of failure)
Confirm with . or Enter, or press ? or * to list all spells.
Aiming: Sandblast (safe; 8% risk of failure)
Press: ? - help, Shift-Dir - straight line, f/p - ribbon worm
Aim: a ribbon worm (moderately wounded, catching its breath, 93% to hit)
The blast of sand hits the ribbon worm!
The ribbon worm is almost dead.
A rat comes into view.
Unknown command.
Unknown command.
The web tears apart.
The rat squeaks loudly.
The ribbon worm attacks as it pursues you!
The ribbon worm barely misses you.
The ribbon worm attacks as it pursues you!
The ribbon worm closely misses you.
The ribbon worm attacks as it pursues you!
The ribbon worm bites you.
Ouch! That really hurt!
You die...

#....# #.##.......##....##
#....############.##.....#
#....##8###8###8#.##.###..#
#...............).##...# .#
#.................##...## #
+.................#8...8#
#....##8###⌠###8#.##...##
#....############.##...#
####...........@w.##...##
#..............#8w..8#
#........########...##
#........#8###8##...##8#
#........................
#.................⌠......
#........................
#........#8###8##...##8##
#........### ####...# ##


You could see a ribbon worm.

Vanquished Creatures
  An endoplasm (D:2)
1 creature vanquished.

Notes
Turn   | Place    | Note
-------+----------+-------------------------------------------
     0 | D:1      | protoss039 the Demonspawn Earth Elementalist began the
                  | quest for the Orb.
     0 | D:1      | Reached XP level 1. HP: 13/13 MP: 3/3
     4 | D:1      | You fall into a shaft and drop 1 floor!
   129 | D:2      | Slain by a ribbon worm

Illustrated notes

Levels and vault maps discovered:
D:1:      doesnt_arrival_eight_statues, layout_rooms
D:2:      layout_basic, shapermc_ecumenical_altar_hornbeckon,
          serial_corexii_hall, corexii_hall_statues_i, corexii_hall_statues_x,
          chequers_hall_statues_corner_a, corexii_hall_statues_t,
          grunt_decor_fettered, nicolae_half_adder

Action                     || total
---------------------------++-------
   Cast: Sandblast         ||     8
 Armour: Robe              ||     2
  Dodge: Dodged            ||     7
   Form: Blade             ||     1
